 Dungeon Crawl Stone Soup version 0.31-a0-182-gc5ef74bbde (webtiles) character file.

Game seed: 7223365607400683288

161 qborf the Chopper (level 5, -9/45 HPs)
             Began as a Hill Orc Fighter on June 20, 2023.
             Was an Initiate of Beogh (penitent).
             Mangled by a +1 club of electrocution (14 damage)
             ... created by the wrath of Beogh
             ... on level 3 of the Dungeon.
             The game lasted 00:02:23 (2072 turns).

qborf the Chopper (Hill Orc Fighter)                Turns: 2072, Time: 00:02:24

Health: -9/45      AC: 10    Str: 21    XL:     5   Next: 42%
Magic:  5/5        EV:  8    Int:  8    God:    Beogh [......]
Gold:   89         SH:  8    Dex: 10    Spells: 4/4 levels left

rFire   . . .        a - +0 war axe
rCold   . . .        e - +0 kite shield
rNeg    . . .        b - +0 scale mail
rPois   .            l - +2 helmet
rElec   .            (no cloak)
rCorr   .            (no gloves)
SInv    .            (no boots)
Will    .....        (no amulet) Stlth
                     (no ring)
HPRegen 0.27/turn    (no ring)
MPRegen 0.09/turn

%: no passive effects
@: no status effects
A: no striking features
a: Renounce Religion


You were on level 3 of the Dungeon.
You worshipped Beogh.
Beogh was demanding penance.
You visited 1 branch of the dungeon, and saw 4 of its levels.

You collected 89 gold pieces.

Inventory:

Hand Weapons
 a - a +0 war axe (weapon)
Armour
 b - a +0 scale mail (worn)
 e - a +0 kite shield (worn)
 l - a +2 helmet (worn)
Jewellery
 c - a ring of ice
Scrolls
 f - a scroll of immolation
 h - a scroll of blinking {unknown}
 k - a scroll of identify {unknown}
 m - a scroll of torment {unknown}
 n - a scroll of teleportation {unknown}
Potions
 d - a potion of might
 i - 2 potions of mutation {unknown}
 j - a potion of brilliance {unknown}
 o - a potion of haste {unknown}


   Skills:
 - Level 3.6 Fighting
 * Level 6.2 Axes
 - Level 3.2 Armour
 + Level 4.5 Shields


You had 4 spell levels left.
You didn't know any spells.
Your spell library contained the following spells:

 Spells                   Type           Power      Damage    Failure   Level
 Magic Dart               Conj           0%         1d3       95%         1
 Ensorcelled Hibernation  Hex/Ice        0%         N/A       99%         2
 Passwall                 Tmut/Erth      0%         N/A       99%         2
 Searing Ray              Conj           0%         2d4       99%         2
 Swiftness                Air            0%         N/A       100%        3
 Fulminant Prism          Conj/Hex       0%         3d5       100%        4


Dungeon Overview and Level Annotations

Branches:
Dungeon (4/15)
 Temple: D:4-7

Altars:

Shops:
D:1 (


Message History

Beogh throws implements of electrocution at you.
The divine experience confuses you!
You are confused.
A +1 dagger of electrocution and a +1 club of electrocution come into view.
There are monsters nearby!
You are too confused!
You are too confused!
You are too confused!
You are too confused!
You are too confused!
You are too confused!
You are too confused!
You are too confused!
You are too confused!
You are too confused!
You are too confused!
You are too confused!
You are too confused!
You are too confused!
You are too confused!
You are too confused!
You are too confused!
The +1 dagger of electrocution hits you.
You are electrocuted!
You slash the +1 dagger of electrocution!
You destroy the +1 dagger of electrocution!
That felt strangely unrewarding.
You closely miss the +1 club of electrocution.
The +1 club of electrocution hits you but does no damage.
You closely miss the +1 club of electrocution.
The +1 club of electrocution hits you but does no damage.
You are electrocuted!
The +1 club of electrocution hits you but does no damage.
You are electrocuted!
* * * LOW HITPOINT WARNING * * *
You barely miss the +1 club of electrocution.
You feel less confused.
The +1 club of electrocution hits you but does no damage.
You are electrocuted!
You die...
Beogh appreciates the +1 club of electrocution's killing of a heretic priest.

......................###........
...............................##
...............................#
...............................#
.............#...####..........#
.............#...# #..........#
........#...# #...######## #..(#
#...# #..@# #...# #...# #...#
#...# #...# #.### ##### #.# #.#
..# ###


You could see a +1 club of electrocution.

Vanquished Creatures
  A dancing weapon (D:3)
  A scorpion (D:4)
  A hound (D:4)
  An adder (D:2)
  2 worms
  2 dart slugs
  2 endoplasms
  2 giant cockroaches
  5 goblins
  3 hobgoblins
  A jackal (D:4)
  6 kobolds
  A quokka (D:4)
  4 ball pythons
  7 bats
  A frilled lizard (D:1)
  5 rats
45 creatures vanquished.

Vanquished Creatures (collateral kills)
  An adder (D:4)
  An orc (D:4)
2 creatures vanquished.

Grand Total: 47 creatures vanquished

Notes
Turn   | Place    | Note
-------+----------+-------------------------------------------
     0 | D:1      | qborf the Hill Orc Fighter began the quest for the Orb.
     0 | D:1      | Reached XP level 1. HP: 19/19 MP: 1/1
    79 | D:1      | Reached skill level 3 in Axes
   136 | D:1      | Found Nucuozxu's Weapon Shop.
   236 | D:1      | Reached XP level 2. HP: 20/26 MP: 2/2
   585 | D:1      | Reached skill level 4 in Axes
   698 | D:2      | Reached XP level 3. HP: 31/31 MP: 3/3
  1770 | D:3      | Became a worshipper of Beogh the Brigand
  1915 | D:3      | Reached XP level 4. HP: 39/39 MP: 4/4
  1984 | D:3      | You fall into a shaft and drop 1 floor!
  1988 | D:4      | Noticed a scorpion
  2002 | D:4      | Was placed under penance by Beogh
  2002 | D:4      | Killed a scorpion
  2003 | D:4      | Reached skill level 5 in Axes
  2003 | D:4      | Reached XP level 5. HP: 45/45 MP: 5/5
  2025 | D:4      | Reached skill level 6 in Axes
  2068 | D:3      | Noticed a +1 dagger of electrocution
  2068 | D:3      | Noticed a +1 club of electrocution
  2070 | D:3      | Killed a +1 dagger of electrocution
  2072 | D:3      | Mangled by a +1 club of electrocution

Illustrated notes

Levels and vault maps discovered:
D:1:      heliophobic_arrival_dark_side_of_the_moon, layout_basic, serial_shops,
          shop, minmay_cupped
D:2:      layout_basic
D:3:      layout_basic, serial_corexii_hall, corexii_hall_statues_i,
          corexii_hall_statues_l
D:4:      black_bear_nest_2, layout_loops_ring, saegor_snake_ambush,
          uniq_natasha

Skill      XL: |  1  2  3  4  5 |
---------------+----------------+-----
Axes           | 3 4 5 6 |  6.2
Shields        | 4 |  4.5
Fighting       | |  3.6
Armour         | |  3.2

Action                     |  1- 3 |  4- 6 || total
---------------------------+-------+-------++-------
  Melee: War axe           |   100 |    17 ||   117
 Invoke: Convert to Beogh  |     1 |       ||     1
    Use: Scroll            |       |     2 ||     2
 Armour: Scale mail        |    42 |    14 ||    56
  Dodge: Dodged            |    41 |     5 ||    46
  Block: Kite shield       |    42 |     8 ||    50
         Buckler           |     1 |       ||     1

Table legend: (Time is in decaauts)
 A = Elapsed time spent in this place.
 B = Non-inter-level travel time spent in this place.
 C = Inter-level travel time spent in this place.
 D = Time resting spent in this place.
 E = Time spent auto-exploring this place.
 F = Levels seen in this place.
 G = Mean time per level.
                   A        B        C        D        E       F      G
               +--------+--------+--------+--------+--------+-----+--------+
         Total |   2120 |   2091 |     29 |      2 |   1616 |   4 |  530.0 |
       Dungeon |   2120 |   2091 |     29 |      2 |   1616 |   4 |  530.0 |
               +--------+--------+--------+--------+--------+-----+--------+

Top non-repeatable levels by time:
     D:2: 881 daAuts
     D:1: 707 daAuts
     D:3: 473 daAuts
     D:4: 57 daAuts
